 Dungeon Crawl Stone Soup version 0.19-a0-1896-g611e798 (webtiles) character file.

10199 Jraekied the Basher (level 11, -2/66 HPs)
             Began as a Demonspawn Gladiator on Oct 18, 2016.
             Was an Elder of Makhleb.
             Slain by a komodo dragon (15 damage)
             ... on level 11 of the Dungeon.
             The game lasted 00:51:39 (11706 turns).

Jraekied the Basher (Demonspawn Gladiator)         Turns: 11706, Time: 00:51:40

Health: -2/66      AC: 16    Str: 16    XL:     11   Next: 33%
Magic:  0/16       EV:  7    Int: 15    God:    Makhleb [****..]
Gold:   82         SH: 10    Dex: 13    Spells: 0 memorised, 10 levels left

rFire  . . .     SeeInvis .     J - +3 mace (crush)
rCold  + . .     Gourm    .     a - +2 chain mail {rPois}
rNeg   . . .     Faith    .     y - +0 shield
rPois  +         Spirit   +     v - +0 helmet of the Saviour {Str+2 Int+4} (curse)
rElec  +         Reflect  .     q - +2 cloak
rCorr  .         Harm     .     (no gloves)
MR     .....                    (no boots)
Stlth  ..........               l - amulet of regeneration
                                m - ring of protection from cold
                                Q - ring of poison resistance

@: no status effects
A: talons 2, iridescent scales 1, blurry vision 1, clumsy 1, frail 2, foul
stench 1, screaming 1, electricity resistance, weak 1, magic shield, rot
immunity
a: Minor Destruction, Lesser Servant of Makhleb, Major Destruction, Renounce
Religion


You were on level 11 of the Dungeon.
You worshipped Makhleb.
Makhleb was greatly pleased with you.
You were not hungry.

You visited 2 branches of the dungeon, and saw 12 of its levels.

You collected 478 gold pieces.
You spent 396 gold pieces at shops.

Inventory:

Hand Weapons
 o - the +2 dagger of World Downfall {venom, -Tele rElec rF+++ Int-4}
   (You found it on level 10 of the Dungeon)

   It poisons the flesh of those it strikes.
   It affects your intelligence (-4).
   It renders you almost immune to fire.
   It insulates you from electricity.
   It prevents most forms of teleportation.
 J - a +3 mace of crushing (weapon)
Missiles
 d - 6 throwing nets
 e - 215 stones (quivered)
 p - 52 sling bullets
 x - 47 poisoned needles
 F - 15 tomahawks
 S - 3 javelins of penetration
Armour
 a - a +2 chain mail of poison resistance (worn)
 b - a +0 leather armour
 c - a +1 helmet
 q - a +2 cloak (worn)
 v - the cursed +0 helmet of the Saviour (worn) {Str+2 Int+4}
   (You bought it in a shop on level 4 of the Dungeon)

   It affects your strength (+2).
   It affects your intelligence (+4).
   It has a curse placed upon it.
 y - a +0 shield (worn)
 z - a +0 buckler
Magical Staves
 G - an uncursed staff of air
Jewellery
 l - an amulet of regeneration (around neck)
 m - a ring of protection from cold (right hand)
 B - an uncursed ring of stealth
 Q - a ring of poison resistance (left hand)
Wands
 D - a wand of digging (10/24)
 H - a wand of confusion (30/48)
 T - a wand of iceblast (7/15)
 W - a wand of lightning (7/15)
Scrolls
 h - 2 scrolls of enchant armour
 j - 10 scrolls of remove curse
 k - 4 scrolls of magic mapping
 n - 5 scrolls of teleportation
 s - 2 scrolls of enchant weapon
 u - 2 scrolls of random uselessness
 w - 3 scrolls of fog
 N - 2 scrolls of amnesia
 U - a scroll of identify
Potions
 i - 3 potions of lignification
 E - a potion of flight
 O - a potion of magic
Books
 t - a book of Minor Magic

   Spells                             Type                      Level
   a - Magic Dart                     Conjuration                  1
   b - Blink                          Translocation                2
   c - Call Imp                       Summoning                    2
   d - Repel Missiles                 Charms/Air                   2
   e - Slow                           Hexes                        2
   f - Conjure Flame                  Conjuration/Fire             3
   g - Mephitic Cloud                 Conjuration/Poison/Air       3
 M - a book of Cantrips

   Spells                             Type                      Level
   a - Confusing Touch                Hexes                        1
   b - Animate Skeleton               Necromancy                   1
   c - Summon Small Mammal            Summoning                    1
   d - Apportation                    Translocation                1
 R - a book of Necromancy

   Spells                             Type                      Level
   a - Pain                           Necromancy                   1
   b - Animate Skeleton               Necromancy                   1
   c - Vampiric Draining              Necromancy                   3
   d - Regeneration                   Charms/Necromancy            3
   e - Animate Dead                   Necromancy                   4
   f - Control Undead                 Necromancy                   4
 X - a book of Debilitation

   Spells                             Type                      Level
   a - Corona                         Hexes                        1
   b - Slow                           Hexes                        2
   c - Gell's Gravitas                Hexes/Translocation          3
   d - Inner Flame                    Hexes/Fire                   3
   e - Cause Fear                     Hexes                        4
   f - Leda's Liquefaction            Hexes/Earth                  4
Comestibles
 f - 5 bread rations
 g - a royal jelly
 A - 4 slices of pizza
 K - 5 meat rations


   Skills:
 + Level 6.6 Fighting
 - Level 9.7(10.3) Maces & Flails
 - Level 5.4(8.3) Staves
 - Level 3.1 Throwing
 - Level 5.3 Dodging
 + Level 7.7 Shields
 - Level 7.5 Invocations


You had 10 spell levels left.
You didn't know any spells.

Dungeon Overview and Level Annotations

Branches:
Dungeon (11/15)            Temple (0/1) D:6             Orc (1/2) D:10
   Lair: D:8-11

Altars:
Elyvilon
Hepliaklqana
Kikubaaqudgha
Makhleb
Ru
Uskayaw
Vehumet
The Shining One

Shops:
D:4 [   D:6 [   D:10 ([

Portals:
Trove: D:10 (give 5 potions of cure mutation)

Annotations:
D:8 Gastronok
Orc:1 Snorg


Innate Abilities, Weirdness & Mutations

You have razor-sharp toenails.
You are partially covered in iridescent scales. (AC +2)
You may emit foul miasma when damaged in melee.
When hurt, damage is shared between your health and your magic reserves.
You are immune to rotting.
Scrolls take you a little longer to read.
You are clumsy. (Dex -2)
You are very frail. (-20% HP)
You occasionally shout uncontrollably at your foes.
You are resistant to electric shocks. (rElec)
You are weak. (Str -2)


Message History

The komodo dragon bites you!!
* * * LOW HITPOINT WARNING * * *
The komodo dragon looks sick.
You emit a cloud of foul miasma!
You are too injured to fight recklessly!
Okay, then.
You hit the komodo dragon but do no damage.
You claw the komodo dragon, but do no damage.
The komodo dragon is moderately wounded.
The komodo dragon is engulfed in dark miasma.
The komodo dragon is poisoned.
The komodo dragon bites you!!
* * * LOW HITPOINT WARNING * * *
You feel better.
The komodo dragon is engulfed in dark miasma.
The komodo dragon looks even sicker.
You block the komodo dragon's attack.
You hit the komodo dragon but do no damage.
The komodo dragon is heavily wounded.
The komodo dragon is engulfed in dark miasma.
The komodo dragon looks even sicker.
The komodo dragon seems to slow down.
The komodo dragon bites you!
You die...

#################################
.................................
..#..##..###..#..#.......#.......
########## ######################
###@# ### ###tl####.#######
####.#D###.........##
#..##...†....###....##
#...........## #.##..####
....l.......###### ######...#
..?.......#.# ####.
....#...####.. ## ##.....## ###


You could see a komodo dragon, a crocodile and a mottled dragon.

Vanquished Creatures
  Pikel (D:7)
  The ghost of Jraekied the Cudgeler, a novice DsFi of Qazlal (D:6)
  Joseph (D:9)
  A komodo dragon (D:11)
  A merfolk (D:9)
  3 trolls
  A hornet (D:9)
  Grinder (D:5)
  6 wraiths
  2 wyverns (D:10)
  2 hungry ghosts
  Menkaure (D:5)
  A water moccasin (D:11)
  5 orc warriors
  5 sky beasts
  3 phantoms
  2 black bears
  2 ice beasts
  2 ogres
  2 wolves (D:9)
  6 centaurs
  A big kobold (D:8)
  5 bullfrogs
  3 scorpions
  6 killer bees
  4 wights (D:6)
  A vampire bat (D:4)
  3 howler monkeys
  2 bullfrog zombies
  4 crimson imps
  2 hounds
  2 jellies
  8 orc priests
  A bullfrog skeleton (D:5)
  A centaur skeleton (D:9)
  7 orc wizards
  6 iguanas
  3 worker ants
  3 hound zombies
  A hound skeleton (D:9)
  2 worker ant zombies
  7 gnolls
  15 adders
  2 oozes
  An adder skeleton (D:7)
  A worm (D:2)
  A dart slug (D:2)
  3 fire bats (D:4)
  9 leopard geckos
  33 orcs
  2 spectral bats (D:4)
  3 bat skeletons (D:4)
  A bat zombie (D:4)
  9 giant cockroaches
  6 goblins
  A hobgoblin (D:2)
  5 jackals
  4 quokkas
  15 bats
  A bat simulacrum (D:4)
  10 frilled lizards
  A giant cockroach zombie (D:5)
  A jackal skeleton (D:4)
  10 kobolds
  A leopard gecko zombie (D:7)
  2 quokka skeletons
  A quokka zombie (D:5)
  4 rats
263 creatures vanquished.

Vanquished Creatures (collateral kills)
  Josephine (D:10)
  Grum (D:9)
  A hungry ghost (D:9)
  4 orc warriors
  A necrophage (D:9)
  2 wolves (D:9)
  A big kobold (D:10)
  A hound (D:10)
  2 orc priests (D:9)
  2 orc wizards
  An iguana (D:10)
  A shadow imp (D:10)
  5 orcs
  2 kobolds (D:10)
25 creatures vanquished.

Grand Total: 288 creatures vanquished

Notes
Turn   | Place    | Note
-------+----------+-------------------------------------------
     0 | D:1      | Jraekied the Demonspawn Gladiator began the quest for the Orb.
     0 | D:1      | Reached XP level 1. HP: 16/16 MP: 1/1
   543 | D:1      | Gained mutation: You are partially covered in iridescent scales. (AC +2) [demonic ancestry]
   543 | D:1      | Reached XP level 2. HP: 19/23 MP: 2/2
  1382 | D:2      | Reached XP level 3. HP: 27/28 MP: 3/3
  2380 | D:3      | Reached XP level 4. HP: 35/35 MP: 4/4
  2493 | D:3      | Found a burning altar of Makhleb.
  2500 | D:3      | Became a worshipper of Makhleb the Destroyer
  2580 | D:3      | Found a glowing golden altar of the Shining One.
  2872 | D:4      | Gained mutation: You are immune to rotting. [demonic ancestry]
  2872 | D:4      | Reached XP level 5. HP: 40/41 MP: 5/5
  2979 | D:4      | Found Ejues's Armour Boutique.
  3173 | D:4      | Found a faded altar of an unknown god.
  3173 | D:4      | Found a white marble altar of Elyvilon.
  3178 | D:4      | Found a faded altar of an unknown god.
  3180 | D:4      | Found a faded altar of an unknown god.
  3182 | D:4      | Found a hide-covered altar of Uskayaw.
  3308 | D:4      | Reached skill level 5 in Staves
  3337 | D:4      | Reached XP level 6. HP: 47/47 MP: 6/6
  3345 | D:4      | Reached * piety under Makhleb
  3668 | D:5      | Entered Level 5 of the Dungeon
  3692 | D:5      | Noticed a sky beast
  3695 | D:5      | Noticed Grinder
  3695 | D:5      | Paralysed by Grinder for 3 turns
  3877 | D:5      | Reached skill level 1 in Maces & Flails
  3885 | D:5      | Noticed Menkaure
  4032 | D:5      | Reached skill level 2 in Maces & Flails
  4032 | D:5      | Gained mutation: You may emit foul miasma when damaged in melee. [demonic ancestry]
  4032 | D:5      | Reached XP level 7. HP: 24/52 MP: 7/7
  4319 | D:5      | Found a hazy altar of Hepliaklqana.
  4356 | D:5      | Gained mutation: You are frail. (-10% HP) [potion of mutation]
  4356 | D:5      | Gained mutation: You are clumsy. (Dex -2) [potion of mutation]
  4356 | D:5      | Gained mutation: You have sharp toenails. [potion of mutation]
  4370 | D:5      | Killed Menkaure
  4370 | D:5      | Reached skill level 3 in Maces & Flails
  4672 | D:5      | Reached skill level 4 in Maces & Flails
  4672 | D:5      | Reached skill level 5 in Dodging
  4672 | D:5      | Gained mutation: When hurt, damage is shared between your health and your magic reserves. [demonic ancestry]
  4672 | D:5      | Reached XP level 8. HP: 33/52 MP: 8/8
  4724 | D:5      | Found an ancient bone altar of Kikubaaqudgha.
  4744 | D:5      | Found a sacrificial altar of Ru.
  4747 | D:5      | Reached ** piety under Makhleb
  5022 | D:6      | Noticed Jraekied's ghost (novice DsFi)
  5205 | D:6      | Found Jokarcho's Antique Armour Shop.
  5236 | D:6      | Reached skill level 1 in Shields
  5359 | D:5      | Paralysed by Grinder for 4 turns
  5368 | D:5      | Paralysed by Grinder for 4 turns
  5385 | D:5      | Paralysed by Grinder for 3 turns
  5396 | D:5      | Killed Grinder
  5458 | D:6      | Reached skill level 5 in Maces & Flails
  5628 | D:6      | Gained mutation: You are dopey. (Int -2) [mutagenic meat]
  5834 | D:6      | Killed Jraekied's ghost
  5834 | D:6      | Reached skill level 5 in Shields
  5834 | D:6      | Gained mutation: You have razor-sharp toenails. [demonic ancestry]
  5834 | D:6      | Reached XP level 9. HP: 45/56 MP: 3/9
  5847 | D:6      | Reached skill level 6 in Maces & Flails
  5932 | D:6      | Reached skill level 1 in Invocations
  6056 | D:6      | Found a staircase to the Ecumenical Temple.
  6625 | D:7      | Reached *** piety under Makhleb
  6625 | D:7      | Reached skill level 7 in Maces & Flails
  6956 | D:7      | You fall through a shaft for 3 floors!
  6956 | D:10     | Entered Level 10 of the Dungeon
  7081 | D:8      | Noticed Gastronok
  7269 | D:8      | Reached skill level 8 in Maces & Flails
  7306 | D:8      | Reached skill level 5 in Invocations
  7568 | D:8      | Gained mutation: You have claws for feet. [demonic ancestry]
  7568 | D:8      | Reached XP level 10. HP: 63/63 MP: 14/14
  7688 | D:7      | Noticed Pikel
  7701 | D:7      | Killed Pikel
  8233 | D:9      | Reached skill level 9 in Maces & Flails
  8282 | D:9      | Paralysed by a hornet for 1 turns
  8286 | D:9      | Reached **** piety under Makhleb
  8332 | D:9      | Noticed Grum
  8375 | D:9      | Killed Grum
  8584 | D:9      | Found a glowing golden altar of the Shining One.
  8889 | D:9      | Noticed Joseph
  8899 | D:9      | Killed Joseph
  9169 | D:10     | Found Taskotsa's Armour Shoppe.
  9169 | D:10     | Found a staircase to the Orcish Mines.
  9182 | D:10     | Found Plog's Weapon Shoppe.
  9215 | D:10     | Got a pitted dagger
  9501 | D:10     | Found a radiant altar of Vehumet.
  9516 | D:10     | Reached skill level 5 in Fighting
  9691 | D:10     | Reached XP level 11. HP: 54/72 MP: 10/16
  9692 | D:10     | Identified the +2 dagger of World Downfall {venom, -Tele rElec rF+++ Int-4} (You found it on level 10 of the Dungeon)
  9714 | D:10     | Noticed Josephine
 10373 | D:10     | Lost mutation: You are dopey. (Int -2) [mutagenic meat]
 10376 | D:10     | Lost mutation: You have claws for feet. [mutagenic meat]
 10382 | D:10     | Gained mutation: You occasionally shout uncontrollably at your foes. [mutagenic meat]
 10385 | D:10     | Gained mutation: You are resistant to electric shocks. (rElec) [mutagenic meat]
 10388 | D:10     | Gained mutation: You are very frail. (-20% HP) [mutagenic meat]
 10481 | D:10     | Killed Josephine
 10498 | D:10     | Found a portal to a secret trove of treasure.
 10560 | Orc:1    | Entered Level 1 of the Orcish Mines
 10560 | Orc:1    | Noticed Snorg
 10580 | D:11     | Noticed a six-headed hydra
 10904 | D:8      | Gained mutation: You are weak. (Str -2) [mutagenic meat]
 10907 | D:8      | Gained mutation: Scrolls take you a little longer to read. [mutagenic meat]
 11225 | D:4      | Bought a +2 chain mail of poison resistance for 185 gold pieces
 11225 | D:4      | Bought the cursed +0 helmet of the Saviour {Str+2 Int+4} for 211 gold pieces
 11704 | D:11     | HP: 3/66 [komodo dragon (15)]
 11706 | D:11     | Slain by a komodo dragon

Vault maps used:
D:1:      dpeg_arrival_rooms_b, wad_floor_pattern_untrapped
D:3:      tso_metal_star, marbit_many_paths
D:4:      chequers_temple_overflow_minitemple, first_bread, serial_shops, shop,
          goddamned_bats
D:5:      kennysheep_little_box, nicolae_ru_great_annihilating_truth,
          kiku_gazebo_garden_becter, minmay_misc_feat_nine_boxes, minivault_25,
          minmay_misc_feat_tiny, uniq_grinder, uniq_menkaure
D:6:      hangedman_decor_growths, kennysheep_windowed_goal
D:7:      black_bear_nest_2, uniq_pikel
D:8:      uniq_gastronok
D:9:      basic_altar, hangedman_fish_farm, moated_statue, uniq_joseph,
          uniq_grum
D:10:     orc_david_3, nicolae_trove_entry_diagonal, basic_altar, uniq_josephine
D:11:     erik_lair_dragon, minmay_orc_keep
Orc:1:    uniq_snorg, uniq_erolcha

Skill      XL: |  1  2  3  4  5  6  7  8  9 10 11 |
---------------+----------------------------------+-----
Staves         | 3 4 5 |  5.4
Fighting       | 3 5 6 |  6.6
Throwing       | 2 3 |  3.1
Dodging        | 3 5 |  5.3
Maces & Flails | 2 4 5 8 9 |  9.7
Shields        | 5 6 7 |  7.7
Invocations    | 5 7 |  7.5

Action                   |  1- 3 |  4- 6 |  7- 9 | 10-12 || total
-------------------------+-------+-------+-------+-------++-------
Melee: Quarterstaff      |   123 |   177 |       |       ||   300
       Mace              |       |    55 |   444 |   502 ||  1001
       Kick              |       |       |   118 |   132 ||   250
Throw: Stone             |    11 |     7 |    10 |     9 ||    37
Invok: Lesser Servant of |       |       |       |     9 ||     9
Evoke: Wand              |       |       |       |     2 ||     2
  Use: Scroll            |       |    15 |     2 |     5 ||    22
       Potion            |       |     2 |     3 |     8 ||    13
 Stab: Sleeping          |       |     4 |     4 |     5 ||    13
       Invisible         |       |       |     1 |       ||     1
       Paralysed         |       |       |     1 |       ||     1
       Distracted        |       |       |       |     4 ||     4
  Eat: Chunk             |     4 |     1 |     9 |    15 ||    29
       Meat ration       |       |     1 |       |       ||     1
       Pizza             |       |       |     3 |       ||     3
       Royal jelly       |       |       |     1 |       ||     1
       Bread ration      |       |       |       |     2 ||     2
Armor: Leather armour    |    46 |   141 |   127 |   106 ||   420
       Skin              |       |       |     5 |       ||     5
       Chain mail        |       |       |       |    28 ||    28
Dodge: Dodged            |    78 |   225 |   213 |   268 ||   784
Block: Shield            |       |    32 |    60 |    24 ||   116
       Buckler           |       |       |    56 |   102 ||   158
